AoeStats
← VakorTV

African Clearing

504725934Analyzed
4v4 RM · 25d ago on Sep 6, 2026· 39m 7s· 8 players
Game mode
Random Map
Map size
Large (8 player)
Population
200
Speed
Normal
Resources
Standard
Victory
Conquest
Starting age
Dark Age
Ending age
Imperial Age
RankedLock teamsTeams togetherTeam positionsShared explorationLock speedFull tech treeHidden civsTurbo modeCheats
Victory
Defeat
🇳🇱 Malians · Netherlands
1234
+16
🇸🇪 Portuguese · Sweden
1225
+17
🇦🇺 Huns · Australia
1216
+17
🇫🇷 Britons · France
1191
+18
🇲🇪 Khitans · Montenegro
1279
-18
🇲🇪 Georgians · Montenegro
1268
-18
🇲🇪 Mongols · Montenegro
1256
-18
🇲🇪 Vietnamese · Montenegro
1153
-14
帝国大仲马
4:33 Loom
13:20 Feudal Age
19:33 Castle Age
VakorTV
5:56 Loom
13:58 Feudal Age
14:31 Double-Bit Axe
16:15 Fletching
17:15 Wheelbarrow
19:17 Horse Collar
25:46 Castle Age
26:27 Bodkin Arrow
25:55 Crossbowman
27:30 Pikeman
28:45 Scale Mail Armor
30:09 Chain Mail Armor
32:03 Forging
33:08 Ballistics
34:16 Padded Archer Armor
37:23 Hand Cart
37:54 Town Watch
Generation Kill
11:54 Loom
14:12 Feudal Age
14:51 Town Watch
18:11 Castle Age
16:12 Double-Bit Axe
16:43 Fishing Lines
24:27 Horse Collar
26:16 Bow Saw
28:20 Wheelbarrow
28:46 Gold Mining
34:22 Imperial Age
32:22 Fletching
34:27 Bodkin Arrow
35:59 Ballistics
37:20 Hand Cart
37:15 Bracer
37:37 Circumnavigation
38:16 Padded Archer Armor
39:18 Two-Man Saw
Brandon
7:00 Loom
13:25 Feudal Age
17:03 Castle Age
15:44 Stone Mining
16:08 Double-Bit Axe
18:43 Fletching
21:38 Forging
22:23 Scale Mail Armor
26:50 Wheelbarrow
26:00 Town Watch
26:40 Gold Mining
28:02 Chain Mail Armor
28:25 Iron Casting
28:48 Chain Mail Armor
29:56 Arson
33:09 Squires
38:46 Bodkin Arrow
38:44 Horse Collar
Djokara
9:54 Loom
13:52 Feudal Age
16:06 Scale Barding Armor
16:13 Forging
17:23 Bloodlines
18:53 Double-Bit Axe
24:10 Castle Age
34:08 Husbandry
Bager
4:50 Loom
13:33 Feudal Age
15:07 Scale Barding Armor
17:15 Bloodlines
22:42 Castle Age
21:59 Gold Mining
26:06 Forging
26:41 Chain Barding Armor
26:27 Husbandry
36:51 Fletching
Emp
10:26 Loom
12:42 Feudal Age
14:06 Double-Bit Axe
14:51 Forging
24:16 Castle Age
24:31 Light Cavalry
25:11 Husbandry
28:30 Iron Casting
29:49 Scale Barding Armor
31:49 Town Watch
34:43 Bow Saw
34:15 Domestication
rmilun
5:18 Loom
15:02 Feudal Age
15:29 Double-Bit Axe
17:38 Fletching
22:11 Castle Age
20:17 Padded Archer Armor
20:09 Gold Mining
22:19 Crossbowman
23:38 Bow Saw
23:28 Stone Mining
24:36 Bodkin Arrow
37:07 Imperial Age
35:31 Wheelbarrow
34:42 Town Watch
35:41 Ballistics
35:17 Murder Holes
37:48 Leather Archer Armor
39:52 Two-Man Saw
39:00 Horse Collar
40:26 Chemistry
Connection lost

Rejoining the realm…

Still unreachable

The connection could not be restored.

Session expired

The server has moved on; the page needs a fresh start.